 Dungeon Crawl Stone Soup version 0.29.0-7-g18a832c13a (webtiles) character file.

Game seed: 18042075438961613386

38 flotson the Sneak (level 3, -11/43 HPs)
             Began as a Demonspawn Delver on Aug 30, 2022.
             Killed by divine providence
             ... invoked by an orc priest
              (15 damage)
             ... on level 3 of the Dungeon.
             The game lasted 00:01:31 (432 turns).

flotson the Sneak (Demonspawn Delver)                Turns: 432, Time: 00:01:31

Health: -11/43     AC: 21    Str: 14    XL:     3   Next: 25%
Magic:  3/3        EV:  2    Int: 13    God:
Gold:   26         SH:  0    Dex: 14    Spells: 2/2 levels left

rFire   . . .      SeeInvis .   b - +1 sling (flame)
rCold   . . .      Faith    .   (no shield)
rNeg    . . .      Spirit   .   (body armour currently unavailable)
rPois   +          Reflect  .   (helmet currently unavailable)
rElec   .          Harm     .   (cloak currently unavailable)
rCorr   .          Rampage  .   (gloves currently unavailable)
Will    .....      NoTele   +   (boots currently unavailable)
Stlth   +++.......              (no amulet)
HPRegen 0.14/turn               (no ring)
MPRegen 0.08/turn               (no ring)

@: tree-form
A: stationary, stasis, torment immunity, boosted hp, (antennae 1), big brain 1
a: no special abilities


You were on level 3 of the Dungeon.
You were a tree.
You visited 1 branch of the dungeon, and saw 3 of its levels.

You collected 26 gold pieces.

Inventory:

Hand Weapons
 a - a +0 hand axe
 b - a +1 sling of flaming (weapon)
Armour
 h - a +0 leather armour (melded)
Wands
 g - a wand of digging (3)
Scrolls
 c - a scroll of fog
 d - a scroll of magic mapping
 j - a scroll of identify {unknown}
Potions
 i - a potion of brilliance {unknown}


   Skills:
 + Level 3.3 Fighting
 + Level 2.1 Axes
 + Level 0.0 Ranged Weapons
 + Level 1.0 Armour
 + Level 2.1 Dodging
 - Level 4.5 Stealth
 + Level 1.1 Evocations


You had 2 spell levels left.
You didn't know any spells.
Your spell library was empty.

Dungeon Overview and Level Annotations

Branches:
Dungeon (5/15)
 Temple: D:4-7

Altars:
Xom

Shops:
D:4 *


Innate Abilities, Weirdness & Mutations

You are a tree.
Your roots penetrate the ground, keeping you stationary.
You cannot be teleported.
You are immune to unholy pain and torment.
Your maximum health is greatly increased.
Your equipment is partially melded.
((You have a pair of small antennae on your head.))
You have an unusually large brain. (Int +2)


Message History

You shoot a sling bullet. The sling bullet barely misses the orc.
You shoot a sling bullet. The sling bullet hits the orc.
The sling bullet burns the orc.
The orc is moderately wounded.
You shoot a sling bullet. The sling bullet hits the orc.
The sling bullet burns the orc.
You kill the orc!
Your Armour skill increases to level 1!
No target in view!
No target in view!
Things that are here:
a +0 falchion; a +0 ring mail; 14 gold pieces The orc priest calls down the wrath of Beogh upon you.
Beogh smites you!
Ouch! That really hurt!
* * * LOW HITPOINT WARNING * * *
Fire: b) +1 sling (flame)
Press: ? - help, Q - select action Shift-Dir - straight line, f - orc priest
Aim: an orc priest, wielding a +0 mace and wearing a +0 leather armour (57% to hit)
You shoot a sling bullet. The sling bullet hits the orc priest.
The sling bullet burns the orc priest.
The orc priest is moderately wounded.
Fire: b) +1 sling (flame)
Press: ? - help, Q - select action Shift-Dir - straight line, f/p - orc priest
Aim: an orc priest, wielding a +0 mace and wearing a +0 leather armour (moderately wounded, 57% to hit)
You shoot a sling bullet.
The sling bullet completely misses the orc priest.
It was a potion of lignification.
You turn into a tree.
Your +0 leather armour melds into your body.
Your roots penetrate the ground.
Unknown command.
Fire: b) +1 sling (flame)
Press: ? - help, Q - select action Shift-Dir - straight line, f/p - orc priest
Aim: an orc priest, wielding a +0 mace and wearing a +0 leather armour (moderately wounded, 57% to hit)
You shoot a sling bullet.
The sling bullet hits the orc priest but does no damage.
The orc priest is moderately wounded.
The orc priest mumbles some strange prayers to Beogh against you.
Beogh smites you!
You die...

#.............####
#.............##..
#.............##.#
#.............##.#
#####.........######.#
#....##o##........##.#
#...###)###.......##.#
#...#..##.#.......##.#
#...#♣##..##########.#
#...#.#.### #.#
#...##.### #######.#
#...#.##.## ...[.....
#...#.#.#.# ########.
#...#..##.# #.
########.## #. #_## #.
### #.


You could see an orc priest.

Vanquished Creatures
  A hound (D:5)
  2 orcs (D:3)
  2 hobgoblins (D:4)
  2 quokkas
  A ball python (D:3)
8 creatures vanquished.

Notes
Turn   | Place    | Note
-------+----------+-------------------------------------------
     0 | D:5      | flotson the Demonspawn Delver began the quest for the Orb.
     0 | D:5      | Reached XP level 1. HP: 18/18 MP: 1/1
    13 | D:5      | Noticed a hound
    24 | D:5      | Killed a hound
    25 | D:5      | Reached skill level 1 in Evocations
    25 | D:5      | Gained mutation: You have an unusually large brain. (Int
                  | +2) [demonic ancestry]
    25 | D:5      | Reached XP level 2. HP: 13/24 MP: 2/2
    50 | D:4      | Gained mutation: You have a pair of small antennae on your
                  | head. [demonic ancestry]
    50 | D:4      | Reached XP level 3. HP: 18/29 MP: 3/3
    68 | D:4      | Found Dorider's Overcharged Wands.
   302 | D:3      | Found a shimmering altar of Xom.
   426 | D:3      | Reached skill level 1 in Armour
   432 | D:3      | Killed from afar by an orc priest

Illustrated notes

Levels and vault maps discovered:
D:3:      layout_basic, marbit_many_paths, ebering_ecumenical_altar_mist
D:4:      layout_basic, corner_web_ring, nicolae_shop_overcharged_wands,
          uniq_menkaure
D:5:      layout_basic, nicolae_qazlal_eye_of_the_storm, serial_shops,
          nicolae_shop_behind_doors, nicolae_shop_waterfront, kennysheep_mini,
          shop, nicolae_diamond_shop, nicolae_shop_gadgets

Skill      XL: |  1  2  3 |
---------------+----------+-----
Axes           | 2 |  2.1
Dodging        | 2 |  2.1
Evocations     | 1 |  1.1
Armour         | 1 |  1.0
Fighting       | |  3.3
Stealth        | |  4.5

Action                   || total
-------------------------++-------
Melee: Hand axe          ||    29
 Fire: Sling             ||    18
  Use: Potion            ||     2
       Scroll            ||     1
Armor: Leather armour    ||     6
Dodge: Dodged            ||    18
